 Dungeon Crawl Stone Soup version 0.26.0-18-gc5c842f807 (webtiles) character file.

Game seed: 18238160710094704001

200 GordonOverkill the Sneak (level 6, 0/33 (34) HPs)
             Began as a Kobold Fire Elementalist on Jan 23, 2021.
             Was an Initiate of Gozag.
             Killed from afar by an orc wizard (8 damage)
             ... with a magic dart
             ... on level 4 of the Dungeon.
             The game lasted 00:21:11 (5035 turns).

GordonOverkill the Sneak (Kobold Fire Elementalist) Turns: 5035, Time: 00:21:11

HP:   0/33 (34)     AC:  3    Str: 11    XL:     6   Next: 7%
MP:   5/9           EV: 15    Int: 21    God:    Gozag
Gold: 353           SH:  0    Dex: 12    Spells: 4/9 levels left

rFire    . . .     SeeInvis .   w - +0 war axe "Spiderslayer" {vamp, Str+6 Int+2 Dex-3} (curse)
rCold    . . .     Faith    .   (shield restricted)
rNeg     . . .     Spirit   .   a - +0 robe
rPois    .         Reflect  .   (no helmet)
rElec    .         Harm     .   (no cloak)
rCorr    .         Rampage  .   (no gloves)
Will     .....                  j - +0 pair of boots
Stlth    ++++......             (no amulet)
HPRegen  0.11/turn              (no ring)
MPRegen  0.11/turn              (no ring)

@: very slightly contaminated, lightly drained
A: small, nightstalker 3
a: Renounce Religion, Potion Petition, Call Merchant, Bribe Branch


You were on level 4 of the Dungeon.
You worshipped Gozag.
Gozag was aware of your devotion.
You visited 1 branch of the dungeon, and saw 4 of its levels.

You collected 353 gold pieces.

Inventory:

Hand Weapons
 c - a +1 dagger
 v - a +0 trident of freezing
 w - the cursed +0 war axe "Spiderslayer" (weapon) {vamp, Str+6 Int+2 Dex-3}
   (You found it on level 4 of the Dungeon)

   It inflicts no extra harm, but heals its wielder when it wounds a living foe.
   It affects your strength (+6).
   It affects your intelligence (+2).
   It affects your dexterity (-3).
   It has a curse placed upon it.
Missiles
 d - 6 poisoned darts (quivered)
 h - 6 curare-tipped darts
Armour
 a - a +0 robe (worn)
 j - a +0 pair of boots (worn)
Jewellery
 p - an uncursed amulet of regeneration {unknown}
 q - an uncursed ring of poison resistance {unknown}
 r - a cursed -4 ring of dexterity {unknown}
Scrolls
 b - 2 scrolls of enchant weapon
 f - 3 scrolls of teleportation
 g - 2 scrolls of fog
 u - a scroll of immolation {unknown}
 x - a scroll of amnesia {unknown}
Potions
 e - 2 potions of brilliance
 i - a potion of curing {unknown}
 k - a potion of resistance {unknown}
 l - a potion of magic {unknown}
 m - a potion of flight {unknown}
 n - a potion of ambrosia {unknown}
 o - a potion of degeneration {unknown}
 s - a potion of might {unknown}
 t - a potion of attraction {unknown}


   Skills:
 + Level 1.0 Fighting
 - Level 4.0 Throwing
 - Level 2.4 Dodging
 - Level 5.0 Stealth
 + Level 2.4 Spellcasting
 + Level 1.5 Conjurations
 + Level 3.2 Fire Magic


You had 4 spell levels left.
You knew the following spells:

 Your Spells              Type           Power        Failure   Level
a - Foxfire               Conj/Fire      48%          5%          1
b - Sticky Flame          Conj/Fire      12%          45%         4

Your spell library contained the following spells:

 Spells                   Type           Power        Failure   Level
 Conjure Flame            Conj/Fire      12%          16%         3
 Inner Flame              Hex/Fire       9%           22%         3
 Fireball                 Conj/Fire      6%           82%         5


Dungeon Overview and Level Annotations

Branches:
Dungeon (4/15)
 Temple: D:4-7

Altars:
Ashenzari
Gozag
Trog
Wu Jian

Annotations:
D:3 2 transporters, Sigmund


Innate Abilities, Weirdness & Mutations

You are small and have problems with some larger weapons.
You are completely attuned to the shadows.


Message History

[Y]es or [N]o only, please.
The spell is potentially lethal to cast (45% risk of failure)!
Continue anyway?
Aiming: Sticky Flame (potentially lethal; 45% risk of failure)
Press: ? - help, Shift-Dir - straight line, f - orc wizard
Aim: an orc wizard, wielding a +0 dagger and wearing a +0 robe (0% to evade)
You miscast Sticky Flame.
You are very lightly contaminated with residual magic.
Heat runs through your body. The orc wizard casts a spell at you.
The magic dart hits you!
* * * LOW HITPOINT WARNING * * *
You barely miss the orc wizard.
A worker ant comes into view.
The orc priest mumbles some strange prayers to Beogh against you.
Beogh smites you!
* * * LOW HITPOINT WARNING * * *
The orc wizard points at you and mumbles some strange words.
The magic dart hits you!
You die...
Your body crumbles into a pile of gold.

# # # # .
#o###################
##.#...........#....#
#..o@..........#.##..
B..#^..........#)....
#. #...........##.#..
# #...........##.#).
#.....#.....##....
#...........##)...
#...........##....
#...........##.#..
#...........##.#..


You could see a worker ant (wandering), an orc priest and an orc wizard.

Vanquished Creatures
  A gnoll shaman (D:4)
  4 adders
  6 gnolls
  A leopard gecko (D:1)
  9 orcs
  2 bat zombies (D:3)
  4 giant cockroaches
  7 goblins
  3 hobgoblins
  3 jackals (D:1)
  2 quokkas (D:2)
  A ball python (D:3)
  8 bats
  6 frilled lizards
  7 kobolds
  6 rats
70 creatures vanquished.

Vanquished Creatures (others)
  231 foxfires
  A plant (D:4)
232 creatures vanquished.

Grand Total: 302 creatures vanquished

Notes
Turn   | Place    | Note
-------+----------+-------------------------------------------
     0 | D:1      | GordonOverkill the Kobold Fire Elementalist began the quest
                  | for the Orb.
     0 | D:1      | Reached XP level 1. HP: 10/10 MP: 3/3
   127 | D:1      | Reached skill level 3 in Stealth
   447 | D:1      | Reached XP level 2. HP: 15/15 MP: 0/5
   535 | D:1      | Reached skill level 1 in Throwing
  1359 | D:1      | Reached XP level 3. HP: 19/19 MP: 3/6
  2016 | D:1      | Reached skill level 4 in Stealth
  2141 | D:2      | Found a broken altar of Ashenzari.
  2407 | D:2      | Found an ornate altar of the Wu Jian Council.
  2507 | D:2      | Reached XP level 4. HP: 24/24 MP: 7/7
  2875 | D:2      | Found a faded altar of an unknown god.
  3001 | D:2      | Found a bloodstained altar of Trog.
  3233 | D:2      | Became a worshipper of Gozag Ym Sagoz the Greedy
  3279 | D:3      | Found a transporter.
  3418 | D:3      | Learned a level 4 spell: Sticky Flame
  3430 | D:3      | Found a transporter.
  3518 | D:3      | Reached XP level 5. HP: 28/28 MP: 4/8
  3973 | D:3      | Noticed Sigmund
  4315 | D:4      | Got a glimmering war axe
  4316 | D:4      | Identified the cursed +0 war axe "Spiderslayer" {vamp,
                  | Str+6 Int+2 Dex-3} (You found it on level 4 of the Dungeon)
  4431 | D:4      | Reached skill level 5 in Stealth
  4661 | D:4      | Reached XP level 6. HP: 22/33 MP: 3/9
  4923 | D:4      | Reached skill level 1 in Fighting
  5035 | D:4      | Killed from afar by an orc wizard

Illustrated notes

Levels and vault maps discovered:
D:1:      dpeg_arrival_solitude, layout_loops_ring, glass_columns_c,
          hangedman_glass_teeth
D:2:      layout_basic, general_overflow_altar, nicolae_ashenzari_panopticon,
          lightli_temple_of_fire, chequers_ecumenical_altar_island,
          minmay_pentomino_t2
D:3:      gammafunk_steamed_eel, layout_loops_ring,
          lemuel_zombie_altar_kikubaaqudgha, overflow_temple_1_default,
          corexii_shack, uniq_crazy_yiuf_cottage, uniq_sigmund
D:4:      corexii_shack_village, layout_basic, overflow_temple_1_default,
          minmay_temple_entry_glassed_door, kennysheep_small_spiral

Skill      XL: |  1  2  3  4  5  6 |
---------------+-------------------+-----
Stealth        | 3 4 5 |  5.0
Throwing       | 1 2 3 4 |  4.0
Fighting       | 1 |  1.0
Dodging        | |  2.4
Spellcasting   | |  2.4
Conjurations   | |  1.5
Fire Magic     | |  3.2

Action                   |  1- 3 |  4- 6 || total
-------------------------+-------+-------++-------
Melee: Dagger            |    28 |    32 ||    60
       War axe           |       |     9 ||     9
Throw: Dart              |    17 |     3 ||    20
 Cast: Foxfire           |    53 |    89 ||   142
       Sticky Flame      |       |     1 ||     1
  Use: Scroll            |       |     3 ||     3
       Potion            |       |     1 ||     1
 Stab: Sleeping          |     8 |     3 ||    11
Armor: Robe              |     1 |    15 ||    16
Dodge: Dodged            |    44 |    67 ||   111
